 Dungeon Crawl Stone Soup version 0.15-a0-734-g2b8d6ef (webtiles) character file.

115 PolkaDot the Caller (level 4, -1/30 HPs)
             Began as a Vampire Summoner on May 11, 2014.
             Slain by TAS2012's ghost (13 damage)
             ... on Level 3 of the Dungeon.
             The game lasted 00:10:02 (2407 turns).

PolkaDot the Caller (Vampire Summoner)              Turns: 2407, Time: 00:10:02

HP  -1/30        AC  5     Str  7      XL: 4   Next: 68%
MP   2/7         EV 12     Int 18      God:
Gold 119         SH  0     Dex 14      Spells:  3 memorised,  1 level left

rFire  . . .     SeeInvis +     l - +1 short sword (venom)
rCold  . . .     Clarity  .     a - +0 robe
rNeg   . . .     Conserve .     (no shield)
rPois  .         rCorr    .     f - +0 helmet
rElec  .         rRot     .     (no cloak)
SustAb . .       Spirit   .     (no gloves)
rMut   .         Warding  .     q - +1 pair of boots
Gourm  .         Stasis   .     g - amulet of rage
MR     .....                    (no ring)
                                (no ring)

@: regenerating quickly, not resistant to hostile enchantments, unstealthy
A: fangs 3, see invisible, unbreathing
a: Evoke Berserk Rage


You were on level 3 of the Dungeon.
You were full.

You visited 1 branch of the dungeon, and saw 3 of its levels.

You collected 119 gold pieces.

Inventory:

Hand weapons
 l - a +1,+1 short sword of venom (weapon)
Missiles
 e - 38 darts (quivered)
Armour
 a - a +0 robe (worn)
 f - a +0 helmet (worn)
 q - a +1 pair of boots (worn)
Scrolls
 d - a scroll of identify
Jewellery
 g - an amulet of rage (around neck)
Potions
 c - a potion of curing
 j - a potion of agility
 k - a potion of might
 n - 2 potions of restore abilities {unknown}
 o - 2 potions of flight {unknown}
Books
 b - a book of Callings

   Spells                             Type                      Level
   *Summon Small Mammal               Summoning                    1
   *Call Imp                          Summoning                    2
   *Call Canine Familiar              Summoning                    3
   Summon Guardian Golem              Hexes/Summoning              4
   Summon Lightning Spire             Summoning/Air                4
   Summon Ice Beast                   Ice/Summoning                4


   Skills:
 - Level 2.1 Dodging
 - Level 3.0 Stealth
 - Level 2.0 Spellcasting
 + Level 6.1 Summonings


You had one spell level left.
You knew the following spells:

 Your Spells              Type           Power        Failure   Level  Hunger
a - Summon Small Mammal   Summ           ###.         1%          1    #......
d - Call Canine Familiar  Summ           ###.....     4%          3    ####...
s - Call Imp              Summ           ###.....     1%          2    ##.....


Dungeon Overview and Level Annotations

Branches:
Dungeon (3/15)

Altars:
Fedhas
Yredelemnul
The Shining One

Annotations:
D:2 exclusion: oklob plant
D:3 TAS2012's ghost, average DsCK


Innate Abilities, Weirdness & Mutations

Your natural rate of healing is unusually fast.
You have razor-sharp teeth.*
You have supernaturally acute eyesight.
You can survive without breathing.*


Message History

TAS2012's ghost is severely damaged.
TAS2012's ghost completely misses you.
You hit TAS2012's ghost but do no damage.
TAS2012's ghost is severely damaged.
TAS2012's ghost hits you.
You feel your power leaking away.
* * * LOW MAGIC WARNING * * *
Press: ? - help, v - describe, . - travel
Here: TAS2012's ghost (severely damaged)
The floor.
Drink which item? (? for menu, Esc to quit)
Okay, then.
You completely miss TAS2012's ghost.
TAS2012's ghost is severely damaged.
TAS2012's ghost hits you.
You hit TAS2012's ghost but do no damage.
TAS2012's ghost is severely damaged.
Your iron imp is no longer paralysed.
TAS2012's ghost hits you.
You are electrocuted!
You die...

.* *,,* *,,**..#*,,*
*,,,,,,,, .* *,,*
*,,*#..#*,.* *,,,,,,,, ,*
*,,* *..*#..#*..# ,,,,,,,,
,* *,,* #..*#..#*..#
*,,,,,,,, ,* *,,*
#..##..##..# *,,,,,,,, ,*
*,,* #..........# *,,,,,,,,
,* ***,,* #..........#
*,,,,,,,, .,,,,,,,*
#....W..>..# *,,,,,,,,
.#****,,*
#....5@....####.**,,,,, .*
#..###......(.?(.)...,,,,,,,
.*
#....................,,,,,,,
.#
#..............#####,,,,,,,,
.# #.###..........#
*,_,,8,,_ .# #.#
#..........# *,,,,,,,, .#
#.# #..))).....# *,,,,,,,,
.# #.# #....).....#
*,,,,,,,, .# #.#
#...#......# * **,,,,,


You could see TAS2012's ghost and a friendly iron imp.

Vanquished Creatures
  An adder (D:3)
  A worm (D:2)
  A giant gecko (D:3)
  2 orcs (D:3)
  A ball python (D:3)
  3 hobgoblins
  8 jackals (D:1)
  An ooze (D:3)
  A quokka (D:2)
  8 bats
  3 giant cockroaches
  2 giant newts (D:1)
  4 goblins (D:1)
  5 kobolds (D:1)
  7 rats
48 creatures vanquished.

Vanquished Creatures (collateral kills)
  2 big fish (D:2)
  An orc wizard (D:3)
  An adder (D:2)
  A ball python (D:3)
  A hobgoblin (D:1)
  2 kobolds (D:3)
8 creatures vanquished.

Vanquished Creatures (others)
  A hound (D:3)
1 creature vanquished.

Grand Total: 57 creatures vanquished

Notes
Turn   | Place    | Note
--------------------------------------------------------------
     0 | D:1      | PolkaDot, the Vampire Summoner, began the quest for the Orb.
     0 | D:1      | Reached XP level 1. HP: 13/13 MP: 3/3
   275 | D:1      | Reached XP level 2. HP: 19/19 MP: 4/4
   325 | D:1      | Learned a level 2 spell: Call Imp
   624 | D:1      | Found a glowing golden altar of the Shining One.
  1036 | D:1      | Reached skill level 5 in Summonings
  1036 | D:1      | Reached XP level 3. HP: 24/24 MP: 6/6
  1401 | D:2      | Found a blossoming altar of Fedhas.
  1415 | D:2      | Learned a level 3 spell: Call Canine Familiar
  1437 | D:2      | Reached XP level 4. HP: 6/30 MP: 2/7
  1572 | D:2      | Noticed an oklob plant
  1637 | D:2      | Found a basalt altar of Yredelemnul.
  2201 | D:3      | Reached skill level 6 in Summonings
  2392 | D:3      | Noticed TAS2012's ghost (average DsCK)
  2407 | D:3      | Slain by TAS2012's ghost

Action                   |  1- 3 |  4- 6 || total
-------------------------+-------+-------++-------
Melee: Whip              |   129 |       ||   129
       Unarmed           |     5 |       ||     5
       Short sword       |    31 |    35 ||    66
Throw: Dart              |    50 |       ||    50
 Cast: Summon Small Mamm |     5 |     1 ||     6
       Call Imp          |     1 |     4 ||     5
       Call Canine Famil |     1 |     4 ||     5
  Use: Potion            |     1 |     1 ||     2
       Scroll            |       |     7 ||     7
 Stab: Distracted        |     1 |       ||     1
       Sleeping          |     4 |     1 ||     5
